 Dungeon Crawl Stone Soup version 0.28-a0-1506-g3893175d92 (webtiles) character file.

Game seed: 8243801042905677538

429 horus123 the Conjurer (level 6, -7/32 HPs)
             Began as a Deep Elf Conjurer on Jan 13, 2022.
             Killed by divine providence
             ... invoked by an orc priest
              (15 damage)
             ... on level 5 of the Dungeon.
             The game lasted 00:09:10 (4474 turns).

horus123 the Conjurer (Deep Elf Conjurer)           Turns: 4474, Time: 00:09:11

Health: -7/32      AC:  4    Str: 10    XL:     6   Next: 66%
Magic:  2/14       EV: 12    Int: 25    God:
Gold:   173        SH:  0    Dex: 13    Spells: 6/13 levels left

rFire   . . .      SeeInvis .   h - +4 dagger (flame)
rCold   . . .      Faith    .   (no shield)
rNeg    . . .      Spirit   .   l - +1 robe of the Lute {Str+6 Stlth+}
rPois   .          Reflect  .   (no helmet)
rElec   .          Harm     .   (no cloak)
rCorr   .          Rampage  .   e - +0 pair of gloves
Will    .....                   (no boots)
Stlth   +++.......              (no amulet)
HPRegen 0.10/turn               (no ring)
MPRegen 0.14/turn               (no ring)

@: very slightly contaminated
A: no striking features
a: no special abilities


You were on level 5 of the Dungeon.
You visited 1 branch of the dungeon, and saw 5 of its levels.

You collected 173 gold pieces.

Inventory:

Hand Weapons
 d - a +0 long sword
 g - a +0 lajatang
 h - a +4 dagger of flaming (weapon)
Armour
 a - a +1 robe
 e - a +0 pair of gloves (worn)
 l - the +1 robe of the Lute (worn) {Str+6 Stlth+}
   (You found it on level 4 of the Dungeon)

   Str:       It affects your strength (+6).
   Stlth:     It makes you more stealthy.
Jewellery
 m - an amulet of guardian spirit
 o - a +4 ring of protection
Scrolls
 j - a scroll of enchant armour
Potions
 b - a potion of curing
 c - 3 potions of brilliance
 f - a potion of invisibility {unknown}
 i - a potion of berserk rage {unknown}
 k - 2 potions of heal wounds {unknown}
 n - 2 potions of flight {unknown}


   Skills:
 - Level 2.4 Dodging
 - Level 2.4 Stealth
 - Level 4.0 Spellcasting
 - Level 7.0 Conjurations
 + Level 4.7 Translocations


You had 6 spell levels left.
You knew the following spells:

 Your Spells              Type           Power      Damage    Failure   Level
a - Magic Dart            Conj           100%       1d8       1%          1
b - Searing Ray           Conj           80%        2d7       1%          2
c - Iskenderun's Mystic   Conj/Tloc      34%        2d8       9%          4

Your spell library contained the following spells:

 Spells                   Type           Power      Damage    Failure   Level
 Dazzling Flash           Conj/Hex       44%        N/A       6%          3
 Stone Arrow              Conj/Erth      44%        3d9       6%          3
 Sandblast                Erth           10%        2d5       9%          1
 Passwall                 Tmut/Erth      4%         N/A       14%         2
 Fulminant Prism          Conj/Hex       11%        3d9       22%         4
 Ice Form                 Ice/Tmut       5%         N/A       65%         4
 Fire Storm               Conj/Fire      11%        8d3       100%        9


Dungeon Overview and Level Annotations

Branches:
Dungeon (5/15)
 Temple: D:4-7

Altars:

Shops:
D:1 *


Message History

The searing ray hits the phantom!
The phantom is moderately damaged.
The searing ray hits the orc priest!
The orc priest is heavily wounded.
You finish channelling your searing ray.
The phantom hits you.
Casting: Searing Ray (safe; 1% risk of failure)
Confirm with . or Enter, or press ? or * to list all spells.
The spell is quite dangerous to miscast (9% risk of failure)!
Continue anyway?
You miscast Iskenderun's Mystic Blast.
You are very lightly contaminated with residual magic.
Nothing appears to happen.
The phantom hits you.
Casting: Iskenderun's Mystic Blast (quite dangerous; 9% risk of failure)
Confirm with . or Enter, or press ? or * to list all spells.
The spell is quite dangerous to miscast (9% risk of failure)!
Continue anyway?
You erupt in a blast of force!
The mystic blast hits the orc.
The orc is almost dead.
The orc is knocked back by the mystic blast.
The mystic blast hits the orc priest.
The orc priest is heavily wounded.
The orc priest is knocked back by the mystic blast.
The orc priest collides with the orc!
The orc is heavily wounded.
The mystic blast hits the phantom!
The phantom is heavily damaged.
The phantom is knocked back by the mystic blast.
Casting: Iskenderun's Mystic Blast (quite dangerous; 9% risk of failure)
Confirm with . or Enter, or press ? or * to list all spells.
You don't have enough magic to cast this spell.
Unknown command.
You hit the phantom. You burn the phantom.
The phantom is heavily damaged.
The orc priest invokes the aid of Beogh against you.
Beogh smites you!
* * * LOW HITPOINT WARNING * * *
The phantom hits you.
* * * LOW HITPOINT WARNING * * *
The orc priest mumbles some strange prayers to Beogh against you.
Beogh smites you!
You die...

##...# ## ##.###.
##.# #####.## ##
#...#########.....#
#
.............###.##
## .........#####
##.###. #
#.###.....# ##...#
#.##. #....## ##.##
.....###@#.## #.#
#.......#.# ###.#
#......W#.# #...#
#..###.##+## #.###
#. #o#o..## #.#
#o..o..# #.#
#.......# ##.##
.........####...##
..........+.......#


You could see a phantom, an orc priest and an orc.

Vanquished Creatures
  A black bear (D:4)
  Blork the orc (D:4)
  2 iguanas (D:5)
  3 orc wizards
  5 adders
  An ufetubus (D:5)
  2 worms
  4 dart slugs
  8 orcs
  8 ball pythons
  5 bats
  11 endoplasms
  3 giant cockroaches
  5 hobgoblins
  4 jackals (D:3)
  6 kobolds
  2 quokkas
  A frilled lizard (D:3)
  3 goblins
  3 rats
78 creatures vanquished.

Notes
Turn   | Place    | Note
-------+----------+-------------------------------------------
     0 | D:1      | horus123 the Deep Elf Conjurer began the quest for the Orb.
     0 | D:1      | Reached XP level 1. HP: 10/10 MP: 6/6
   325 | D:1      | Reached XP level 2. HP: 15/15 MP: 3/9
   379 | D:1      | Learned a level 2 spell: Searing Ray
   627 | D:1      | Found Forao's Assorted Antiques.
  1011 | D:2      | Found a faded altar of an unknown god.
  1022 | D:2      | Identified the +4 chain mail "Laxoto" {rF+}
  1142 | D:2      | Reached skill level 5 in Conjurations
  1142 | D:2      | Reached XP level 3. HP: 19/19 MP: 6/10
  1486 | D:2      | Got the Papyrus of Torrid Snow
  1632 | D:2      | Reached XP level 4. HP: 24/24 MP: 9/12
  2298 | D:2      | Reached skill level 6 in Conjurations
  2522 | D:2      | Learned a level 4 spell: Iskenderun's Mystic Blast
  2635 | D:3      | Reached XP level 5. HP: 28/28 MP: 4/13
  3422 | D:4      | Reached skill level 7 in Conjurations
  3455 | D:4      | Identified the +1 robe of the Lute {Str+6 Stlth+}
  3477 | D:4      | Noticed a black bear
  3481 | D:4      | Killed a black bear
  3709 | D:4      | Reached XP level 6. HP: 32/32 MP: 11/14
  3857 | D:4      | Noticed Blork the orc
  3867 | D:4      | Killed Blork the orc
  4101 | D:5      | Entered Level 5 of the Dungeon
  4474 | D:5      | Killed from afar by an orc priest

Illustrated notes

Levels and vault maps discovered:
D:1:      dpeg_arrival_court, layout_basic, serial_shops, shop,
          nicolae_concentric_dashed_squares_wild
D:2:      layout_basic, ebering_ecumenical_altar_hall, serial_bayou_lake_a
D:3:      layout_rooms
D:4:      layout_basic, uniq_blork_the_orc
D:5:      layout_loops_corners, gammafunk_temple_overflow_forgotten

Skill      XL: |  1  2  3  4  5  6 |
---------------+-------------------+-----
Spellcasting   | 4 |  4.0
Conjurations   | 5 6 7 |  7.0
Translocations | 2 4 |  4.7
Dodging        | |  2.4
Stealth        | |  2.4

Action                   |  1- 3 |  4- 6 || total
-------------------------+-------+-------++-------
Melee: Dagger            |       |     3 ||     3
 Cast: Magic Dart        |    64 |    75 ||   139
       Searing Ray       |       |     7 ||     7
       Iskenderun's Myst |       |     3 ||     3
  Use: Scroll            |     4 |     2 ||     6
 Stab: Sleeping          |       |     1 ||     1
Armor: Robe              |     1 |    10 ||    11
Dodge: Dodged            |     4 |    12 ||    16

Table legend: (Time is in decaauts)
 A = Elapsed time spent in this place.
 B = Non-inter-level travel time spent in this place.
 C = Inter-level travel time spent in this place.
 D = Time resting spent in this place.
 E = Time spent auto-exploring this place.
 F = Levels seen in this place.
 G = Mean time per level.
                   A        B        C        D        E       F      G
               +--------+--------+--------+--------+--------+-----+--------+
         Total |   4508 |   4439 |     69 |    518 |   3491 |   5 |  901.6 |
       Dungeon |   4508 |   4439 |     69 |    518 |   3491 |   5 |  901.6 |
               +--------+--------+--------+--------+--------+-----+--------+

Top non-repeatable levels by time:
     D:2: 1574 daAuts
     D:1: 987 daAuts
     D:4: 872 daAuts
     D:3: 701 daAuts
     D:5: 372 daAuts
